 Dungeon Crawl Stone Soup version 0.31-a0-557-g6e16503903 (webtiles) character file.

Game seed: 9620169263779273081

13 Duck the Magician (level 2, -1/33 HPs)
             Began as a Djinni Fire Elementalist on Aug 16, 2023.
             Killed from afar by a dart slug (3 damage)
             ... with a slug dart
             ... on level 1 of the Dungeon.
             The game lasted 00:01:43 (200 turns).

Duck the Magician (Djinni Fire Elementalist)         Turns: 200, Time: 00:01:44

Health: -1/33      AC: 21    Str:  7    XL:     2   Next: 50%
Gold:   15         EV:  2    Int: 16    God:
                   SH:  0    Dex: 13

rFire   + . .        c - +0 dagger
rCold   + . .        (no shield)
rNeg    . . .        a - melded +0 robe
rPois   ∞            (helmet currently unavailable)
rElec   +            (cloak currently unavailable)
rCorr   +            (gloves currently unavailable)
SInv    .            (boots unavailable)
Will    .....        (no amulet)
Stlth   ++           (no ring)
HPRegen 0.25/turn    (no ring)
MPRegen 0.00/turn

%: infuse magic (-2 HP)
@: tree-form, resistant
A: stationary, stasis, torment immunity, boosted hp, sickness immunity, (fire
resistance 2), (cold vulnerability 1), float, innate caster, HP casting, extra
vitality 1
a: no special abilities


You were on level 1 of the Dungeon.
You were a tree.
You visited 1 branch of the dungeon, and saw 1 of its levels.

You collected 15 gold pieces.

Inventory:

Hand Weapons
 c - a +0 dagger (weapon)
Armour
 a - a +0 robe (melded)
Scrolls
 b - a scroll of teleportation {unknown}


   Skills:
 + Level 0.9 Fighting
 - Level 2.1 Dodging
 - Level 1.5 Stealth
 * Level 3.2 Spellcasting
 * Level 3.2 Conjurations
 * Level 3.2 Hexes
   Level 0.0 Charms
 * Level 3.2 Summonings
 * Level 3.2 Necromancy
 * Level 3.2 Translocations
 * Level 3.2 Transmutations
 * Level 3.2 Fire Magic
 * Level 3.2 Ice Magic
 * Level 3.2 Air Magic
 * Level 3.2 Earth Magic
 * Level 3.2 Poison Magic


You knew the following spells:

 Your Spells              Type           Power      Damage    Failure   Level
a - Foxfire               Conj/Fire      52%        2x1d6     4%          1
b - Scorch                Fire           26%        2d6       8%          2
c - Volatile Blastmotes   Fire/Tloc      26%        2d12      14%         3
d - Inner Flame           Hex/Fire       13%        N/A       14%         3
e - Flame Wave            Conj/Fire      13%        2d6       43%         4
Your spell library was empty.

Dungeon Overview and Level Annotations

Branches:
Dungeon (1/15)

Altars:


Innate Abilities, Weirdness & Mutations

You are a tree.
Your roots penetrate the ground, keeping you stationary.
You cannot be teleported.
You are immune to unholy pain and torment.
Your maximum health is greatly increased.
Your equipment is partially melded.
You are immune to sickness and miasma.
You are immune to poison.
((Your flesh is very heat resistant. (rF++)))
((You are vulnerable to cold. (rC-)))
You float through the air rather than walking.
You learn spells naturally, not from books.
Your magical power is your life essence.
You have superior vitality. (+4 MHP)


Message History

You kill the goblin!
The kobold hits you with a +0 short sword.
The dart slug launches a dart at you. The slug dart hits you.
* * * LOW HITPOINT WARNING * * *
The foxfire hits the kobold.
You kill the kobold!
You see here a giant cockroach corpse.
Casting: Foxfire (safe; 4% risk of failure)
Press: ? - help, Q - select action, (/) - cycle Dir - look around, f - activate You conjure some foxfire!
* * * LOW HITPOINT WARNING * * *
The goblin hits you from afar with a +0 spear.
* * * LOW HITPOINT WARNING * * *
The foxfire hits the goblin.
You kill the goblin!
Your foxfire dissipates!
A hobgoblin comes into view.
You start resting.
A dart slug is nearby!
Casting: Foxfire (safe; 4% risk of failure)
Press: ? - help, Q - select action, (/) - cycle Dir - look around, f - activate You conjure some foxfire!
* * * LOW HITPOINT WARNING * * *
Your foxfire dissipates!
The foxfire hits the dart slug.
The dart slug is lightly wounded.
The dart slug launches a dart at you. The slug dart hits you.
* * * LOW HITPOINT WARNING * * *
You don't have enough health to cast this spell.
It was a potion of lignification.
You turn into a tree.
Your +0 robe melds into your body.
Your roots penetrate the ground.
Unknown command.
You don't have enough health to cast this spell.
It was a potion of resistance.
You feel protected. The dart slug launches a dart at you.
The slug dart hits you.
You die...

..## ##.##.##.## #...#... ##. ..#
##.###.###.## #.......###.. ).#
##.## #.# ##.## ....##...)..
.####.## #.# ##.####....##..)).
..##.## ..# ##.##.).#.##†....
....## ..# ##.....#....†#..
....## ##.......#...##.
.....#####.#######..w..#####..###
................♣......##......##
##########...#####........####...
#.. #.....##### ### # g.....###
......## ....^.## .....# ....#


You could see a dart slug.

Vanquished Creatures
  A ball python (D:1)
  2 endoplasms (D:1)
  A giant cockroach (D:1)
  3 goblins (D:1)
  2 kobolds (D:1)
  A frilled lizard (D:1)
  A rat (D:1)
11 creatures vanquished.

Vanquished Creatures (others)
  13 foxfires (D:1)
13 creatures vanquished.

Grand Total: 24 creatures vanquished

Notes
Turn   | Place    | Note
-------+----------+-------------------------------------------
     0 | D:1      | Duck the Djinni Fire Elementalist began the quest for the
                  | Orb.
     0 | D:1      | Duck set off with the following spells memorised: Foxfire,
                  | Scorch, Volatile Blastmotes, Inner Flame, Flame Wave.
     0 | D:1      | Reached XP level 1. HP: 15/15 MP: 0/0
   154 | D:1      | Reached XP level 2. HP: 22/22 MP: 0/0
   174 | D:1      | HP: 1/22 [goblin/+0 spear (4)]
   195 | D:1      | HP: 1/22 [dart slug/slug dart (4)]
   200 | D:1      | Killed from afar by a dart slug

Illustrated notes

Levels and vault maps discovered:
D:1:      spicycebolla_arrival_xxxplode, layout_rooms, minmay_small_reverse_x

Skill      XL: | |
---------------+-+-----
Spellcasting   | |  3.2
Conjurations   | |  3.2
Hexes          | |  3.2
Summonings     | |  3.2
Necromancy     | |  3.2
Translocations | |  3.2
Transmutations | |  3.2
Fire Magic     | |  3.2
Ice Magic      | |  3.2
Air Magic      | |  3.2
Earth Magic    | |  3.2
Poison Magic   | |  3.2
Fighting       | |  0.9
Dodging        | |  2.1
Stealth        | |  1.5

Action                     || total
---------------------------++-------
  Melee: Dagger            ||    11
         Unarmed           ||     3
         Punch             ||     1
   Cast: Foxfire           ||     9
    Use: Potion            ||     2
   Stab: Sleeping          ||     1
 Armour: Robe              ||     3
  Dodge: Dodged            ||    12

Table legend: (Time is in decaauts)
 A = Elapsed time spent in this place.
 B = Non-inter-level travel time spent in this place.
 C = Inter-level travel time spent in this place.
 D = Time resting spent in this place.
 E = Time spent auto-exploring this place.
 F = Levels seen in this place.
 G = Mean time per level.
                   A        B        C        D        E       F      G
               +--------+--------+--------+--------+--------+-----+--------+
         Total |    199 |    199 |      0 |     64 |     42 |   1 |  199.0 |
       Dungeon |    199 |    199 |      0 |     64 |     42 |   1 |  199.0 |
               +--------+--------+--------+--------+--------+-----+--------+

Top non-repeatable levels by time:
     D:1: 199 daAuts
